 Dungeon Crawl Stone Soup version 0.27.0-1-g7a089689b8 (webtiles) character file.

Game seed: 2983888678518671715

5057 Colgate the Convoker (level 10, -9/50 HPs)
             Began as a Deep Elf Summoner on Aug 2, 2021.
             Was an Elder of Nemelex Xobeh.
             Mangled by an orc warrior (12 damage)
             ... on level 8 of the Dungeon on Aug 12, 2021.
             The game lasted 02:24:51 (14808 turns).

Colgate the Convoker (Deep Elf Summoner)           Turns: 14808, Time: 02:24:52

Health: -9/50      AC:  8    Str:  8    XL:     10   Next: 31%
Magic:  0/28       EV: 16    Int: 21    God:    Nemelex Xobeh [****..]
Gold:   633        SH:  0    Dex: 15    Spells: 15/33 levels left

rFire    . . .     SeeInvis .   b - +0 bardiche (protect)
rCold    . . .     Faith    .   (shield currently unavailable)
rNeg     . . .     Spirit   +   q - +0 leather armour
rPois    .         Reflect  .   h - +2 hat
rElec    .         Harm     .   J - +0 cloak
rCorr    .         Rampage  .   n - +0 pair of gloves
Will     +....                  B - +0 pair of boots
Stlth    ++........             s - amulet of guardian spirit
HPRegen  0.16/turn              r - +4 ring of evasion
MPRegen  0.21/turn              (no ring)

@: very slightly contaminated, studying Shields
A: no striking features
a: Renounce Religion, Draw Escape, Draw Destruction, Draw Summoning, Triple
Draw, Deal Four


You were on level 8 of the Dungeon.
You worshipped Nemelex Xobeh.
Nemelex Xobeh was greatly pleased with you.
You visited 2 branches of the dungeon, and saw 9 of its levels.
You also visited: Bailey.

You collected 633 gold pieces.

Inventory:

Hand Weapons
 a - the +4 hunting sling of Ornamental Defiance {freeze, rF+}
   (You found it on level 4 of the Dungeon)

   Any ammunition fired from it freezes those it strikes, dealing additional
   cold damage.
   It can also slow down cold-blooded creatures.
   rF:        It protects you from fire.
 b - a +0 bardiche of protection (weapon)
Missiles
 g - 216 stones
 i - a throwing net
 l - 69 sling bullets
 H - 10 boomerangs
Armour
 c - a +0 plate armour
 e - a +0 chain mail
 h - a +2 hat (worn)
 m - a +0 ring mail
 n - a +0 pair of gloves (worn)
 q - a +0 leather armour (worn)
 u - a +0 robe
 B - a +0 pair of boots (worn)
 D - a +0 scale mail
 J - a +0 cloak (worn)
Jewellery
 r - a +4 ring of evasion (left hand)
 s - an amulet of guardian spirit (around neck)
Wands
 v - a wand of digging (4)
 I - a wand of polymorph (11)
Scrolls
 d - a scroll of noise {unknown}
 j - 2 scrolls of teleportation
 o - a scroll of immolation
 w - a scroll of magic mapping {unknown}
 y - 2 scrolls of amnesia {unknown}
 C - a scroll of vulnerability
 G - a scroll of fear {unknown}
Potions
 f - 3 potions of attraction
 k - a potion of ambrosia {unknown}
 p - 4 potions of curing
 x - a potion of resistance
 z - a potion of mutation
 A - 3 potions of might
 E - a potion of berserk rage
 F - a potion of flight


   Skills:
 - Level 1.0 Polearms
 - Level 2.4 Dodging
 - Level 2.4 Stealth
 - Level 12.0 Spellcasting
 + Level 1.6 Hexes
 - Level 15.0 Summonings
 - Level 1.7 Necromancy
 - Level 1.3 Air Magic


You had 15 spell levels left.
You knew the following spells:

 Your Spells              Type           Power      Damage    Failure   Level
a - Summon Small Mammal   Summ           100%       N/A       0%          1
b - Call Imp              Summ           66%        N/A       1%          2
c - Call Canine Familiar  Summ           66%        N/A       1%          3
d - Animate Skeleton      Necr           38%        N/A       3%          1
e - Summon Lightning Spi  Summ/Air       46%        N/A       2%          4
f - Pain                  Necr           76%        1d7       3%          1
g - Vampiric Draining     Necr           9%         2d7       11%         3
h - Summon Guardian Gole  Hex/Summ       47%        N/A       1%          3

Your spell library contained the following spells:

 Spells                   Type           Power      Damage    Failure   Level


Dungeon Overview and Level Annotations

Branches:
Dungeon (8/15)             Temple (1/1) D:6          Bailey (visited)
   Lair: D:8-11

Altars:
Ashenzari
Cheibriados
Dithmenos
Elyvilon
Fedhas
Gozag
Hepliaklqana
Kikubaaqudgha
Makhleb
Nemelex Xobeh
Okawaru
Qazlal
Ru
Sif Muna
Trog
Uskayaw
Wu Jian
Xom
Yredelemnul
Zin
The Shining One

Shops:
D:5 =

Annotations:
D:8 Harold


Message History

You miscast Summon Lightning Spire.
You are very lightly contaminated with residual magic.
Nothing appears to happen.
Casting: Summon Lightning Spire (dangerous; 2% risk of failure)
Confirm with . or Enter, or press ? or * to list all spells.
An electric hum fills the air.
An orc priest comes into view. It is wielding a +0 mace.
The orc warrior hits you from afar with a +0 halberd!
Your lightning spire shoots out a bolt of lightning at the orc warrior!
The bolt of electricity hits the orc warrior!
You feel a bit more experienced.
A kobold comes into view. It is wielding a +0 short sword.
The kobold moves out of view.
There is an open door here.
The orc warrior barely misses you. The orc warrior closely misses you.
Something hits your lightning spire but does no damage.
Casting: Summon Lightning Spire (dangerous; 2% risk of failure)
Confirm with . or Enter, or press ? or * to list all spells.
You don't know that spell.
Casting: Summon Lightning Spire (dangerous; 2% risk of failure)
Confirm with . or Enter, or press ? or * to list all spells.
You don't know that spell.
Casting: Summon Lightning Spire (dangerous; 2% risk of failure)
Confirm with . or Enter, or press ? or * to list all spells.
Okay, then.
Unknown command.
Casting: Summon Lightning Spire (dangerous; 2% risk of failure)
Confirm with . or Enter, or press ? or * to list all spells.
A beastly little devil appears in a puff of frigid air.
The kobold shouts!
Something barely misses your lightning spire.
The orc warrior hits you from afar with a +0 halberd!
* * * LOW HITPOINT WARNING * * *
Okay, then.
As you read the scroll of fog, it crumbles to dust.
The scroll dissolves into smoke.
The orc warrior hits you from afar with a +0 halberd!
You die...
Your body glows with a rainbow of weird colours and disappears.

#...)..###....o##.# ...
#......###.....##.# ..#
###>.....'.....o..# ..#
##+######..@h.##.# ..###
#.......8.....##§##o...#
#........#######h.o.##.#
#........o§# ##@#.o..#
#........#§#


#ho.#ooo #........#@# ##o(# ## #........#5# #.(.. #........#K# ##.#..#
##########§# ....# ### ..#.5..# . ..### .... #.#5#####... ... .....##5#5h.....#
#..# .......5#.....#.. ......#..5#.#.# You could see an orc warrior (ally
target), a kobold and a friendly white imp (summoned).

Vanquished Creatures
  A moth of wrath (D:4)
  An ice beast (D:5)
  An ogre (D:5)
  A wyvern skeleton (D:6)
  A wight (D:7)
  A centaur zombie (D:5)
  A hound (D:4)
  A howler monkey skeleton (D:5)
  An adder (D:5)
  A worm (D:3)
  7 orcs
  3 bats
  3 endoplasms
  A goblin (D:3)
  A hobgoblin (D:7)
  A jackal (D:4)
  A kobold (D:2)
  2 ball pythons
  7 rats
  A bush (D:4)
37 creatures vanquished.

Vanquished Creatures (collateral kills)
  The ghost of Armakuni the Skirmisher, an amateur HuWn (D:4)
  A steam dragon (D:6)
  Edmund (D:4)
  2 water moccasins
  2 ice beasts (D:7)
  7 orc warriors (Bailey)
  2 hornet zombies
  A sky beast (D:7)
  2 ogres
  2 centaurs (D:7)
  A bullfrog (D:8)
  A water moccasin skeleton (D:6)
  3 wights (D:7)
  3 howler monkeys (D:8)
  2 jellies (D:7)
  4 hounds
  4 orc priests
  Crazy Yiuf (D:6)
  A bullfrog skeleton (D:5)
  4 iguanas
  7 orc wizards
  A hound zombie (D:5)
  A howler monkey zombie (D:6)
  4 gnolls
  6 adders
  2 shadow imps
  A white imp (D:6)
  3 worms
  A dart slug (D:1)
  36 orcs
  2 endoplasms
  3 giant cockroaches
  3 goblins
  4 hobgoblins
  A jackal (D:4)
  A kobold (D:1)
  2 quokkas
  4 ball pythons
  2 bats
  2 frilled lizards
  A rat (D:4)
132 creatures vanquished.

Vanquished Creatures (others)
  An orc knight (Bailey)
  A hornet (D:7)
  An orc warrior (Bailey)
  A wight (D:7)
  4 fungi (D:6)
  A plant (D:6)
  2 withered plants (D:6)
11 creatures vanquished.

Grand Total: 180 creatures vanquished

Notes
Turn   | Place    | Note
-------+----------+-------------------------------------------
     0 | D:1      | Colgate the Deep Elf Summoner began the quest for the Orb.
     0 | D:1      | Reached XP level 1. HP: 10/10 MP: 6/6
   304 | D:1      | Found a faded altar of an unknown god.
   313 | D:1      | Became a worshipper of Nemelex Xobeh the Trickster
   313 | D:1      | Reached * piety under Nemelex Xobeh
   313 | D:1      | Received a gift from Nemelex Xobeh
  1172 | D:2      | Reached XP level 2. HP: 9/15 MP: 5/8
  1175 | D:2      | Learned a level 2 spell: Call Imp
  1332 | D:2      | Reached skill level 5 in Summonings
  2196 | D:2      | Reached ** piety under Nemelex Xobeh
  2402 | D:2      | Reached XP level 3. HP: 17/19 MP: 4/10
  2468 | D:2      | Learned a level 3 spell: Call Canine Familiar
  2994 | D:3      | Received a gift from Nemelex Xobeh
  3881 | D:3      | Reached skill level 5 in Spellcasting
  3897 | D:3      | Reached XP level 4. HP: 10/24 MP: 3/13
  5077 | D:4      | Noticed an ogre
  5091 | D:4      | Killed an ogre
  5092 | D:4      | Reached XP level 5. HP: 28/28 MP: 4/16
  5207 | D:4      | Found a snail-covered altar of Cheibriados.
  5207 | D:4      | Found an opulent altar of Gozag.
  5571 | D:4      | Noticed a moth of wrath
  5578 | D:4      | Found a bloodstained altar of Trog.
  5878 | D:4      | Killed a moth of wrath
  5879 | D:4      | Reached XP level 6. HP: 26/32 MP: 6/20
  6387 | D:4      | Learned a level 1 spell: Animate Skeleton
  6424 | D:4      | Found a large runed translucent door.
  6424 | D:4      | Found a large runed translucent door.
  6432 | D:4      | Noticed Armakuni's ghost (amateur HuWn)
  6449 | D:4      | Killed Armakuni's ghost
  6450 | D:4      | Reached XP level 7. HP: 27/36 MP: 18/22
  6657 | D:4      | Reached skill level 10 in Spellcasting
  6899 | D:4      | Identified the +4 hunting sling of Ornamental Defiance
                  | {freeze, rF+}
  7360 | D:5      | Entered Level 5 of the Dungeon
  7360 | D:5      | Noticed Edmund
  7406 | D:4      | Killed Edmund
  8064 | D:5      | Received a gift from Nemelex Xobeh
  8281 | D:5      | Found Hitas's Jewellery Shop.
  8777 | D:6      | Found a staircase to the Ecumenical Temple.
  9034 | D:5      | Reached XP level 8. HP: 32/41 MP: 3/26
  9243 | Temple   | Entered the Ecumenical Temple
  9439 | Temple   | Learned a level 4 spell: Summon Lightning Spire
  9506 | D:6      | Reached *** piety under Nemelex Xobeh
  9594 | D:6      | Noticed an angel
  9595 | D:6      | Found a shimmering altar of Xom.
  9595 | D:6      | Found a glowing silver altar of Zin.
  9868 | D:6      | Found a blossoming altar of Fedhas.
  9871 | D:6      | Found an ancient bone altar of Kikubaaqudgha.
  9882 | D:6      | Reached skill level 6 in Summonings
 10135 | D:6      | Received a gift from Nemelex Xobeh
 10203 | D:6      | Found a runed translucent door.
 10204 | D:6      | Noticed Crazy Yiuf
 10263 | D:6      | Killed Crazy Yiuf
 10473 | D:7      | Found a flagged portal.
 10478 | Bailey   | Entered a bailey
 10602 | Bailey   | Reached skill level 1 in Polearms
 10895 | Bailey   | Reached skill level 1 in Necromancy
 11254 | Bailey   | Reached skill level 1 in Air Magic
 11256 | Bailey   | Learned a level 1 spell: Pain
 11260 | Bailey   | Learned a level 3 spell: Vampiric Draining
 11264 | Bailey   | Learned a level 3 spell: Summon Guardian Golem
 11848 | Bailey   | Reached skill level 7 in Summonings
 12177 | Bailey   | Noticed an orc knight
 12188 | Bailey   | Killed an orc knight
 12189 | Bailey   | Reached skill level 8 in Summonings
 12189 | Bailey   | Reached XP level 9. HP: 40/45 MP: 10/27
 12645 | D:7      | Reached skill level 9 in Summonings
 12654 | D:7      | Reached skill level 14 in Summonings
 12654 | D:7      | Reached XP level 10. HP: 29/50 MP: 5/28
 13184 | D:7      | Received a gift from Nemelex Xobeh
 13560 | D:7      | Reached **** piety under Nemelex Xobeh
 14192 | D:7      | Found an ornate altar of the Wu Jian Council.
 14653 | D:8      | Reached skill level 15 in Summonings
 14767 | D:8      | Reached skill level 1 in Hexes
 14781 | D:8      | Noticed Harold
 14808 | D:8      | Mangled by an orc warrior

Illustrated notes

Levels and vault maps discovered:
D:1:      mrwooster_arrival_statue, layout_basic, basic_ecumenical_altar
D:2:      layout_loops_ring, minmay_pentomino_x2
D:3:      layout_basic
D:4:      layout_loops_ring, tgw_trog, gammafunk_temple_overflow_wave,
          ebering_ghost_disaster_area, chequers_serial_rivers_marsh,
          cheibrodos_gnoll_hut
D:5:      layout_cave_pools, serial_shops, shop_coins, minivault_11,
          kennysheep_opposing_triangles, uniq_edmund
D:6:      layout_rooms, grunt_temple_overflow_growth_and_decay,
          grunt_temple_overflow_order_and_chaos_1,
          minmay_temple_entry_statues_fountains, uniq_crazy_yiuf_cottage
D:7:      layout_basic, nzn_wu_jian_contemplation, enter_bailey_2, sigmund_army
D:8:      layout_basic, uniq_harold, uniq_maggie
Temple:   nicolae_temple_x_marks_the_god

Skill      XL: |  1  2  3  4  5  6  7  8  9 10 |
---------------+-------------------------------+-----
Summonings     | 5 8 14 15 | 15.0
Spellcasting   | 4 5 6 9 12 | 12.0
Polearms       | 1 |  1.0
Necromancy     | 1 |  1.7
Air Magic      | 1 |  1.3
Hexes          | 1 |  1.6
Dodging        | |  2.4
Stealth        | |  2.4

Action                   |  1- 3 |  4- 6 |  7- 9 | 10-12 || total
-------------------------+-------+-------+-------+-------++-------
Melee: Dagger            |     6 |       |       |       ||     6
       Unarmed           |     6 |       |       |       ||     6
       Short sword       |    36 |       |       |       ||    36
       Flail             |    12 |       |       |       ||    12
       Trident           |       |    50 |   201 |       ||   251
       Bardiche          |       |       |       |    22 ||    22
 Fire: Hunting sling     |       |       |     3 |    16 ||    19
Throw: Stone             |       |     2 |       |       ||     2
 Cast: Summon Small Mamm |    36 |       |       |       ||    36
       Call Imp          |    45 |    47 |   117 |    39 ||   248
       Call Canine Famil |     9 |    18 |    46 |    13 ||    86
       Animate Skeleton  |       |       |    19 |     7 ||    26
       Summon Lightning  |       |       |    30 |    11 ||    41
       Pain              |       |       |     7 |       ||     7
       Summon Guardian G |       |       |     4 |    26 ||    30
Invok: Draw Destruction  |       |     1 |       |     1 ||     2
       Draw Escape       |       |       |     1 |     2 ||     3
       Draw Summoning    |       |       |     1 |       ||     1
Evoke: Wand              |       |     1 |       |     1 ||     2
  Use: Scroll            |       |       |    11 |     3 ||    14
       Potion            |       |       |     1 |       ||     1
 Stab: Sleeping          |     4 |     2 |     2 |       ||     8
       Distracted        |       |     2 |     2 |     2 ||     6
Armor: Robe              |    15 |       |    18 |       ||    33
       Ring mail         |       |     6 |       |       ||     6
       Leather armour    |       |       |    21 |     3 ||    24
Dodge: Dodged            |    49 |    17 |   146 |    27 ||   239
